 Dungeon Crawl Stone Soup version 0.18.0-1-g0107ab7 (webtiles) character file.

19 Alarkh the Poker (level 2, -1/22 HPs)
             Began as a Mummy Skald on May 5, 2016.
             Slain by a gnoll
             ... wielding a +0 spear
              (4 damage)
             ... on level 2 of the Dungeon.
             The game lasted 00:00:55 (549 turns).

Alarkh the Poker (Mummy Skald)                       Turns: 549, Time: 00:00:55

Health: -1/22      AC:  3    Str: 15    XL:     2   Next: 55%
Magic:  2/5        EV: 11    Int: 11    God:
Gold:   12         SH:  0    Dex: 11    Spells: 3 memorised, 0 levels left

rFire  x . .     SeeInvis .     a - +0 spear
rCold  + . .     Gourm    .     b - +0 leather armour
rNeg   + + +     Faith    .     (no shield)
rPois  ∞         Spirit   .     (no helmet)
rElec  .         Dismiss  .     (no cloak)
rCorr  .         Reflect  .     (no gloves)
SustAt .         Harm     .     (no boots)
MR     .....                    (no amulet)
Stlth  +.........               (no ring)
                                (no ring)

@: infused (expiring), not resistant to hostile enchantments, very unstealthy
A: no food or potions, fire vulnerability, cold resistance 1, negative energy
resistance 3, torment resistance, unbreathing
a: no special abilities


You were on level 2 of the Dungeon.
You were not hungry.

You visited 1 branch of the dungeon, and saw 2 of its levels.

You collected 12 gold pieces.

Inventory:

Hand Weapons
 a - a +0 spear (weapon)
Armour
 b - a +0 leather armour (worn)
Scrolls
 d - a scroll of teleportation {unknown}
 e - a scroll of fog {unknown}
Books
 c - a book of Battle

   Spells                             Type                      Level
   a - Infusion                       Charms                       1
   b - Shroud of Golubria             Charms/Translocation         2
   c - Song of Slaying                Charms                       2
   d - Spectral Weapon                Hexes/Charms                 3
   e - Regeneration                   Charms/Necromancy            3


   Skills:
 - Level 2.0 Fighting
 + Level 2.6 Polearms
 - Level 0.7 Armour
 - Level 0.7 Dodging
 - Level 2.0 Spellcasting
 - Level 2.4 Charms


You couldn't memorise any spells.
You knew the following spells:

 Your Spells              Type           Power        Failure   Level  Hunger
a - Infusion              Chrm           #...         17%         1    N/A
b - Song of Slaying       Chrm           #.......     24%         2    N/A
c - Shroud of Golubria    Chrm/Tloc      #.........   34%         2    N/A

Dungeon Overview and Level Annotations

Branches:
Dungeon (2/15)

Altars:


Innate Abilities, Weirdness & Mutations

You do not eat or drink.
Your flesh is vulnerable to fire.
You are immune to poison.
Your flesh is cold resistant.
You are immune to negative energy.
You are immune to unholy pain and torment.
You can survive without breathing.


Message History

The gnoll barely misses you.
You barely miss the gnoll.
The gnoll is heavily wounded.
The gnoll hits you with a spear!
You are too injured to fight recklessly!
You hit the gnoll.
The gnoll is severely wounded.
The gnoll hits you with a spear.
* * * LOW HITPOINT WARNING * * *
You closely miss the gnoll.
The gnoll is severely wounded.
You hit the gnoll.
The gnoll is almost dead.
The gnoll hits you with a spear.
* * * LOW HITPOINT WARNING * * *
Your leather armour prevents you from hitting the gnoll.
The gnoll is almost dead.
Your magical infusion is running out.
The gnoll hits you with a spear.
You die...

######## ##... #......#
##.... ###.####.#
##..♣≈. #...#
#.###..PP≈. #.###
#.##..≈≈)≈.
#.######.#..♣♣PP≈.
#.#...g....♣♣≈≈P≈.
######.#.######♣♣♣≈P≈≈.
##.....@#.# ♣≈P≈≈≈.
#.....g##.#####
♣♣≈≈≈≈≈.
#......'g.....♣
≈P≈≈≈≈≈.
#......##.###.♣
≈P≈≈≈≈≈. #............
≈≈≈≈≈≈≈. #......##.###
≈≈≈≈≈≈≈. #......##.#
≈≈≈≈≈≈≈.
#####.........#
#♣≈≈P≈≈.
#...#....####.# #P≈≈≈≈.


You could see a gnoll.

Vanquished Creatures
  A dart slug (D:1)
  A giant cockroach (D:1)
  2 hobgoblins (D:2)
  3 jackals (D:1)
  3 kobolds
  A quokka (D:2)
  2 bats
  A giant newt (D:2)
14 creatures vanquished.

Notes
Turn   | Place    | Note
--------------------------------------------------------------
     0 | D:1      | Alarkh the Mummy Skald began the quest for the Orb.
     0 | D:1      | Reached XP level 1. HP: 16/16 MP: 3/3
   104 | D:1      | Reached XP level 2. HP: 5/22 MP: 0/5
   160 | D:1      | Learned a level 2 spell: Song of Slaying
   163 | D:1      | Learned a level 2 spell: Shroud of Golubria
   549 | D:2      | Slain by a gnoll

Skill      XL: |  1 |
---------------+----+-----
Polearms       | 2 |  2.6
Fighting       | |  2.0
Armour         | |  0.7
Dodging        | |  0.7
Spellcasting   | |  2.0
Charms         | |  2.4

Action                   || total
-------------------------++-------
Melee: Spear             ||    65
 Cast: Infusion          ||     8
Armor: Leather armour    ||    14
Dodge: Dodged            ||    25
